[Event "Cesenatico Open 2019"]
[Site "Cesenatico"]
[Date "2019.09.04"]
[Round "1"]
[White "Dragojlovic, Andjelko"]
[Black "Gerhard, Walter"]
[Result "1-0"]
[ECO "C00"]
[WhiteElo "2293"]
[BlackElo "1997"]
[Annotator "ChessBase"]
[PlyCount "59"]
[EventDate "2019.09.01"]
[EventType "swiss"]
[EventCountry "ITA"]
[SourceTitle "playchess.com"]
[Source "ChessBase"]
[SourceQuality "1"]
[TimeControl "40/6000:900"]

1. e4 e6 2. d3 d5 3. Nd2 Nf6 4. Ngf3 c5 5. g3 Nc6 6. Bg2 Be7 7. O-O O-O 8. Re1 b5 9. e5 Nd7 10. Nf1 a5 11. h4 a4 12. a3 b4 13. N1h2 bxa3 14. bxa3 f6 15. exf6 Bxf6 16. Bg5 Qc7 17. Bxf6 Nxf6 18. Ng5 Nd4 19. c3 Nb3 20. Ra2 Ra6 21. Rae2 Qd6 22. Bh3 c4 23. Bxe6+ Kh8 24. Nf7+ Rxf7 25. Bxf7 g6 26. dxc4 dxc4 27. Bxc4 Qxd1 28. Rxd1 Rc6 29. Bb5 Rxc3 30. Bxa4 1-0

[Event "Cesenatico Open 2019"]
[Site "Cesenatico"]
[Date "2019.09.04"]
[Round "1"]
[White "Loiacono, Antonio"]
[Black "Pecci, William"]
[Result "1-0"]
[ECO "C49"]
[WhiteElo "2282"]
[BlackElo "1973"]
[Annotator "ChessBase"]
[PlyCount "75"]
[EventDate "2019.09.01"]
[EventType "swiss"]
[EventCountry "ITA"]
[SourceTitle "playchess.com"]
[Source "ChessBase"]
[SourceQuality "1"]
[TimeControl "40/6000:900"]

1. e4 e5 2. Nf3 Nc6 3. Nc3 Nf6 4. Bb5 Bb4 5. O-O O-O 6. d3 d6 7. Ne2 Ne7 8. c3 Ba5 9. Ng3 c6 10. Ba4 Ng6 11. d4 Qc7 12. Bg5 Be6 13. Nh4 Nxh4 14. Bxh4 Ne8 15. Bb3 Bxb3 16. axb3 Bb6 17. Kh1 f6 18. Nf5 g6 19. Ne3 Ng7 20. dxe5 dxe5 21. Nc4 Rad8 22. Qc2 g5 23. Bg3 Rd7 24. f3 a6 25. b4 Ne6 26. Qb3 Re8 27. Rad1 Rxd1 28. Rxd1 Kg7 29. Nd6 Re7 30. Nf5+ Kf7 31. Nxe7 Kxe7 32. Qc2 h6 33. Bf2 Bxf2 34. Qxf2 Nf4 35. g3 Ne6 36. Qa7 Kf7 37. Qa8 h5 38. Qh8 1-0

[Event "Cesenatico Open 2019"]
[Site "Cesenatico"]
[Date "2019.09.04"]
[Round "1"]
[White "Guerini, Silvia jr"]
[Black "Loiacono, Leonardo"]
[Result "0-1"]
[ECO "C54"]
[WhiteElo "1974"]
[BlackElo "2293"]
[Annotator "ChessBase"]
[PlyCount "103"]
[EventDate "2019.09.01"]
[EventType "swiss"]
[EventCountry "ITA"]
[SourceTitle "playchess.com"]
[Source "ChessBase"]
[SourceQuality "1"]
[TimeControl "40/6000:900"]

1. e4 e5 2. Nf3 Nc6 3. Bc4 Bc5 4. d3 Nf6 5. Nbd2 O-O 6. O-O d6 7. c3 a5 8. Bb3 h6 9. h3 Re8 10. Re1 Be6 11. Bc2 Ba7 12. Nf1 d5 13. exd5 Qxd5 14. Ng3 b5 15. Nh4 a4 16. Nh5 Qd8 17. Qf3 Nxh5 18. Qxh5 Qf6 19. Be3 b4 20. Bxa7 Rxa7 21. Qf3 Qxf3 22. Nxf3 a3 23. b3 bxc3 24. Nxe5 Nb4 25. Rec1 Bxh3 26. d4 Bc8 27. Bd1 c5 28. Nf3 cxd4 29. Nxd4 Re1+ 30. Kh2 Rc7 31. Nb5 Rc5 32. Rxc3 Rxc3 33. Nxc3 Bf5 34. Nb5 g6 35. Nxa3 Nc2 36. Nxc2 Bxc2 37. Bxc2 Rxa1 38. a4 Ra2 39. Be4 Rxf2 40. Kg3 Rb2 41. Bd5 Kf8 42. Kf4 Ke7 43. Ke5 f6+ 44. Kd4 Kd6 45. Kc4 Rc2+ 46. Kd3 Ra2 47. Kc4 Rc2+ 48. Kd3 Rf2 49. Bf3 h5 50. Kc4 Rxf3 51. gxf3 h4 52. Kd4 0-1

[Event "Cesenatico Open 2019"]
[Site "Cesenatico"]
[Date "2019.09.04"]
[Round "1"]
[White "Miotto, Alberto"]
[Black "Stromboli, Carlo"]
[Result "0-1"]
[ECO "A35"]
[WhiteElo "1950"]
[BlackElo "2270"]
[Annotator "ChessBase"]
[PlyCount "108"]
[EventDate "2019.09.01"]
[EventType "swiss"]
[EventCountry "ITA"]
[SourceTitle "playchess.com"]
[Source "ChessBase"]
[SourceQuality "1"]
[TimeControl "40/6000:900"]

1. Nf3 c5 2. c4 Nc6 3. Nc3 g6 4. e3 Bg7 5. d4 cxd4 6. exd4 d6 7. d5 Ne5 8. Nxe5 Bxe5 9. Bd3 Bd7 10. Be3 Qa5 11. Qb3 Nf6 12. h3 O-O 13. Bd2 Qc5 14. Ne2 Bd4 15. Nxd4 Qxd4 16. Qc3 Qh4 17. Be3 b5 18. Qd4 Qxd4 19. Bxd4 bxc4 20. Bxc4 Rfc8 21. b3 Ne4 22. Ke2 Rc7 23. Ke3 Nc5 24. Rhe1 Rac8 25. Bxc5 Rxc5 26. Kd4 Kf8 27. a4 a5 28. f4 Re8 29. Rac1 Rec8 30. Rc3 Rb8 31. Rce3 Rb4 32. Rc1 e6 33. dxe6 Bxe6 34. Rec3 Rc7 35. Kd3 d5 36. Bb5 Rxc3+ 37. Rxc3 d4 38. Rc7 Bxb3 39. Ra7 Bxa4 40. Bc4 Bc2+ 41. Kxd4 Bb3 42. Rxf7+ Ke8 43. Rc7 Rxc4+ 44. Rxc4 Bxc4 45. Kxc4 Ke7 46. Kb5 Ke6 47. g4 Kd5 48. Kxa5 Ke4 49. f5 gxf5 50. gxf5 Kxf5 51. Kb4 Kg5 52. Kc3 Kh4 53. Kd3 Kxh3 54. Ke4 Kg3 0-1

[Event "Cesenatico Open 2019"]
[Site "Cesenatico"]
[Date "2019.09.04"]
[Round "2"]
[White "Genocchio, Daniele"]
[Black "Medici, Simone"]
[Result "1-0"]
[ECO "B28"]
[WhiteElo "2354"]
[BlackElo "2201"]
[Annotator "ChessBase"]
[PlyCount "77"]
[EventDate "2019.09.01"]
[EventType "swiss"]
[EventCountry "ITA"]
[SourceTitle "playchess.com"]
[Source "ChessBase"]
[SourceQuality "1"]
[TimeControl "40/6000:900"]

1. e4 a6 2. d4 e6 3. Bd3 d5 4. e5 c5 5. c3 Nc6 6. Nf3 Bd7 7. O-O cxd4 8. cxd4 Nge7 9. Nc3 b5 10. Be3 Na5 11. Ng5 h6 12. Nh7 Nc4 13. Nxf8 Kxf8 14. Bc1 b4 15. Ne2 Qb6 16. a4 Nf5 17. b3 Na5 18. Be3 Rc8 19. Rb1 Nc6 20. Rc1 g5 21. Ng3 Nce7 22. Nh5 Rc3 23. Nf6 Be8 24. Qd2 Rxb3 25. g4 Nh4 26. f4 Nc6 27. fxg5 hxg5 28. Qf2 Rxd3 29. Nd7+ Kg8 30. Nxb6 Rh7 31. Nc8 Nxd4 32. Bxd4 Bxa4 33. Nb6 Nf3+ 34. Qxf3 Rxf3 35. Rxf3 Bb5 36. Rc8+ Kg7 37. Rc7 Be8 38. Nc8 Rh4 39. h3 1-0

[Event "Cesenatico Open 2019"]
[Site "Cesenatico"]
[Date "2019.09.04"]
[Round "2"]
[White "Loiacono, Leonardo"]
[Black "Voltolini, Giuseppe"]
[Result "1/2-1/2"]
[ECO "D34"]
[WhiteElo "2293"]
[BlackElo "2115"]
[Annotator "ChessBase"]
[PlyCount "129"]
[EventDate "2019.09.01"]
[EventType "swiss"]
[EventCountry "ITA"]
[SourceTitle "playchess.com"]
[Source "ChessBase"]
[SourceQuality "1"]
[TimeControl "40/6000:900"]

1. d4 d5 2. c4 e6 3. Nc3 c5 4. cxd5 exd5 5. Nf3 Nc6 6. g3 Nf6 7. Bg2 Be7 8. O-O O-O 9. Bg5 c4 10. Ne5 Be6 11. Nxc6 bxc6 12. Qc2 h6 13. Bf4 Qb6 14. Rfd1 Rfd8 15. b3 cxb3 16. axb3 Rd7 17. Na4 Qb5 18. Bf1 g5 19. Bd2 Ne4 20. Nc3 Nxc3 21. Bxc3 Rb7 22. Rdb1 Qb6 23. e3 Qc7 24. Ba6 Rbb8 25. Bd3 Qd7 26. Bb2 Rb6 27. Bc3 Rbb8 28. Be1 Rb7 29. Ra6 Rb6 30. Ra2 Rb7 31. Bd2 Bh3 32. f3 Be6 33. Bc1 Rab8 34. Bd2 Ra8 35. Be1 Rab8 36. Ba5 Ra8 37. Kf2 Bb4 38. Bxb4 Rxb4 39. Qc5 Qb7 40. Bc2 Rb5 41. Qc3 a5 42. Rh1 Qb6 43. g4 Kf8 44. h4 Ke7 45. hxg5 hxg5 46. Rh5 Rg8 47. Ra3 c5 48. Ra4 cxd4 49. Qxd4 Qxd4 50. Rxd4 Rc5 51. Bd1 Kf6 52. Rh6+ Kg7 53. Rh2 Rh8 54. Rxh8 Kxh8 55. f4 gxf4 56. exf4 f6 57. f5 Bf7 58. Ke3 Kg7 59. Kf4 Rb5 60. Ke3 Kh6 61. Rd3 Rb4 62. Rd4 Rb5 63. Kd3 Kg5 64. Ra4 d4 65. Ra3 1/2-1/2

[Event "Cesenatico Open 2019"]
[Site "Cesenatico"]
[Date "2019.09.04"]
[Round "2"]
[White "Stromboli, Carlo"]
[Black "Marzano, Carlo"]
[Result "1/2-1/2"]
[ECO "C56"]
[WhiteElo "2270"]
[BlackElo "2109"]
[Annotator "ChessBase"]
[PlyCount "59"]
[EventDate "2019.09.01"]
[EventType "swiss"]
[EventCountry "ITA"]
[SourceTitle "playchess.com"]
[Source "ChessBase"]
[SourceQuality "1"]
[TimeControl "40/6000:900"]

1. e4 e5 2. Nf3 Nc6 3. d4 exd4 4. Bc4 Nf6 5. O-O Nxe4 6. Re1 d5 7. Bxd5 Qxd5 8. Nc3 Qh5 9. Nxe4 Be6 10. Bg5 Bd6 11. Nxd6+ cxd6 12. Bf4 Qd5 13. c3 O-O 14. Nxd4 Nxd4 15. Qxd4 Qxd4 16. cxd4 d5 17. Re3 Rfc8 18. Rb3 b6 19. Rg3 f6 20. Re1 Kf7 21. Rge3 Rc6 22. h3 h5 23. Ra3 Rc4 24. Rc1 Rxd4 25. Be3 Rb4 26. Rc7+ Kg8 27. Rc6 Kf7 28. Rc7+ Kg8 29. Rc6 Kf7 30. Rc7+ 1/2-1/2

[Event "Cesenatico Open 2019"]
[Site "Cesenatico"]
[Date "2019.09.04"]
[Round "2"]
[White "Carbone, Stefano"]
[Black "Dragojlovic, Andjelko"]
[Result "1/2-1/2"]
[ECO "A39"]
[WhiteElo "2138"]
[BlackElo "2293"]
[Annotator "ChessBase"]
[PlyCount "23"]
[EventDate "2019.09.01"]
[EventType "swiss"]
[EventCountry "ITA"]
[SourceTitle "playchess.com"]
[Source "ChessBase"]
[SourceQuality "1"]
[TimeControl "40/6000:900"]

1. Nf3 c5 2. c4 g6 3. g3 Bg7 4. Bg2 Nf6 5. O-O O-O 6. d4 cxd4 7. Nxd4 Nc6 8. Nc3 Nxd4 9. Qxd4 d6 10. Qd3 a6 11. Bd2 Bf5 12. e4 1/2-1/2

[Event "Cesenatico Open 2019"]
[Site "Cesenatico"]
[Date "2019.09.04"]
[Round "2"]
[White "Drei, Andrea"]
[Black "Loiacono, Antonio"]
[Result "0-1"]
[ECO "C70"]
[WhiteElo "2137"]
[BlackElo "2282"]
[Annotator "ChessBase"]
[PlyCount "122"]
[EventDate "2019.09.01"]
[EventType "swiss"]
[EventCountry "ITA"]
[SourceTitle "playchess.com"]
[Source "ChessBase"]
[SourceQuality "1"]
[TimeControl "40/6000:900"]

1. e4 e5 2. Nf3 Nc6 3. Bb5 g6 4. c3 a6 5. Ba4 Bg7 6. d4 exd4 7. cxd4 b5 8. Bc2 d6 9. h3 Nge7 10. O-O O-O 11. Nc3 Bb7 12. Be3 Na5 13. Qc1 Nc4 14. Bh6 c5 15. Bxg7 Kxg7 16. dxc5 dxc5 17. b3 Nb6 18. a4 b4 19. Rd1 Qc7 20. a5 Nd7 21. Ne2 Rad8 22. h4 Ne5 23. Qb2 f6 24. Nxe5 Qxe5 25. Qxe5 fxe5 26. f3 Nc6 27. Kf2 Kf6 28. Ke3 Rxd1 29. Bxd1 Rd8 30. Bc2 Bc8 31. Bd3 Be6 32. Nc1 Nd4 33. Rb1 Rd6 34. Rb2 h6 35. Bf1 g5 36. hxg5+ hxg5 37. Bd3 Rc6 38. g3 Bf7 39. Rh2 Kg7 40. Rb2 Rh6 41. Bc4 Rh3 42. Bxf7 Kxf7 43. Nd3 Rxg3 44. Nxe5+ Ke6 45. Kf2 Rh3 46. Kg2 g4 47. f4 Re3 48. Nxg4 Rxe4 49. Kg3 Ne2+ 50. Kf3 Rxf4+ 51. Kxe2 Rxg4 52. Kf3 Rh4 53. Rg2 Kd5 54. Rg6 Rh3+ 55. Ke2 Rxb3 56. Rxa6 Ra3 57. Kd2 Kc4 58. Ra8 Ra2+ 59. Ke3 b3 60. a6 b2 61. Rb8 Kc3 0-1

[Event "Cesenatico Open 2019"]
[Site "Cesenatico"]
[Date "2019.09.04"]
[Round "2"]
[White "Cocconcelli, Lorenzo"]
[Black "Schacher, Gerd"]
[Result "0-1"]
[ECO "A58"]
[WhiteElo "2113"]
[BlackElo "2311"]
[Annotator "ChessBase"]
[PlyCount "80"]
[EventDate "2019.09.01"]
[EventType "swiss"]
[EventCountry "ITA"]
[SourceTitle "playchess.com"]
[Source "ChessBase"]
[SourceQuality "1"]
[TimeControl "40/6000:900"]

1. d4 g6 2. Nf3 Bg7 3. c4 c5 4. d5 d6 5. g3 b5 6. cxb5 a6 7. bxa6 Bxa6 8. Bg2 Nd7 9. Nc3 Ngf6 10. O-O Nb6 11. Re1 O-O 12. e4 Nfd7 13. Qc2 Nc4 14. Bf1 Qa5 15. Bxc4 Bxc4 16. Bf4 Nb6 17. Nd2 Qa6 18. a4 Rfb8 19. Ra3 Bd3 20. Qc1 Qa5 21. e5 Rd8 22. Rb3 Qa6 23. Re3 c4 24. Ra3 dxe5 25. Bxe5 Bh6 26. Bf4 Bxf4 27. gxf4 Nxd5 28. Nxd5 Rxd5 29. Nf3 Qf6 30. Re5 Rd7 31. Qe3 Rb7 32. b3 Qd6 33. Qc1 cxb3 34. Qb2 Bc4 35. Nd2 Be6 36. f5 Bxf5 37. Re3 Rb4 38. Raxb3 Rbxa4 39. f3 Ra2 40. Nc4 Qd1+ 0-1

[Event "Cesenatico Open 2019"]
[Site "Cesenatico"]
[Date "2019.09.04"]
[Round "2"]
[White "Tonetto, Federico"]
[Black "Dittmar, Peter"]
[Result "1/2-1/2"]
[ECO "B18"]
[WhiteElo "1916"]
[BlackElo "2259"]
[Annotator "ChessBase"]
[PlyCount "78"]
[EventDate "2019.09.01"]
[EventType "swiss"]
[EventCountry "ITA"]
[SourceTitle "playchess.com"]
[Source "ChessBase"]
[SourceQuality "1"]
[TimeControl "40/6000:900"]

1. e4 c6 2. d4 d5 3. Nd2 Qc7 4. Bd3 dxe4 5. Nxe4 Bf5 6. Nc5 Bxd3 7. Nxd3 e6 8. Bf4 Bd6 9. Bxd6 Qxd6 10. Qg4 g6 11. Nf3 Nf6 12. Qg5 Nbd7 13. O-O h6 14. Qa5 O-O 15. Rfe1 Rfd8 16. Rad1 b6 17. Qd2 Kg7 18. Qe2 Qc7 19. c3 c5 20. dxc5 Nxc5 21. Nxc5 Qxc5 22. Rd3 Rxd3 23. Qxd3 Qd5 24. Qxd5 Nxd5 25. Re4 Rc8 26. Kf1 Rc7 27. Ke2 Nf6 28. Rd4 Nd7 29. Nd2 Nc5 30. Ne4 Nxe4 31. Rxe4 Kf6 32. Ke3 Ke7 33. Kd3 f5 34. Rc4 Rd7+ 35. Rd4 Rb7 36. f4 g5 37. g3 Rc7 38. Rc4 Rd7+ 39. Rd4 Rc7 1/2-1/2

[Event "Cesenatico Open 2019"]
[Site "Cesenatico"]
[Date "2019.09.03"]
[Round "3"]
[White "Dragojlovic, Andjelko"]
[Black "Tonetto, Federico"]
[Result "1-0"]
[ECO "A48"]
[WhiteElo "2293"]
[BlackElo "1916"]
[Annotator "NA"]
[PlyCount "117"]
[EventDate "2019.08.09"]
[EventType "swiss"]
[EventCountry "ITA"]
[SourceTitle "playchess.com"]
[Source "ChessBase"]
[SourceQuality "1"]
[TimeControl "5400+30"]

1. Nf3 {[%clk} Nf6 {[%clk} 2. d4 {[%clk} g6 {[%clk} 3. Nc3 {[%clk} d5 {[%clk} 4. Bg5 {[%clk} Bg7 5. Bxf6 {[%clk} Bxf6 {[%clk} 6. e4 dxe4 {[%clk} 7. Nxe4 {[%clk} Bg7 8. Bc4 O-O {[%clk} 9. c3 {[%clk} Nc6 {[%clk} 10. O-O {[%clk} e5 {[%clk} 11. dxe5 {[%clk} Qxd1 {[%clk} 12. Raxd1 {[%clk} Nxe5 {[%clk} 13. Nxe5 Bxe5 {[%clk} 14. Rfe1 {[%clk} Bg7 15. Ng5 Bf6 {[%clk} 16. f4 {[%clk} Bf5 {[%clk} 17. h3 {[%clk} h5 18. Kf2 {[%clk} Kg7 {[%clk} 19. Kf3 {[%clk} h4 20. Bd3 {[%clk} Bxg5 21. Bxf5 {[%clk} Bf6 {[%clk} 22. Be4 Rad8 23. f5 b6 24. Bc2 Rxd1 25. Rxd1 Rd8 26. Rxd8 Bxd8 27. Ke4 Be7 28. Kd5 Bd6 29. b4 Kf6 30. fxg6 fxg6 31. b5 g5 32. c4 Ke7 33. Bf5 Bf4 34. Kc6 Be5 35. a4 Bf4 36. Bg4 Be5 37. Be2 Bf4 38. c5 Be3 39. Bd3 Bxc5 40. a5 Kd8 41. Bf5 Be3 42. a6 Bf4 43. Kb7 c5 44. bxc6 b5 45. c7+ Bxc7 46. Kxa7 Be5 47. Kb7 Bd4 48. a7 Bxa7 49. Kxa7 Ke7 50. Kb6 Kf6 51. Bc2 g4 52. hxg4 Kg5 53. Bd1 b4 54. Kc5 b3 55. Bxb3 Kxg4 56. Be6+ Kg3 57. Bh3 Kf4 58. Kd4 Kg5 59. Ke4 1-0

[Event "Cesenatico Open 2019"]
[Site "Cesenatico"]
[Date "2019.09.03"]
[Round "3"]
[White "Mrdja, Milan"]
[Black "Carbone, Stefano"]
[Result "1/2-1/2"]
[ECO "B12"]
[WhiteElo "2279"]
[BlackElo "2138"]
[Annotator "NA"]
[PlyCount "44"]
[EventDate "2019.08.09"]
[EventType "swiss"]
[EventCountry "ITA"]
[SourceTitle "playchess.com"]
[Source "ChessBase"]
[SourceQuality "1"]
[TimeControl "5400+30"]

1. e4 {[%clk} c6 {[%clk} 2. d4 {[%clk} d5 {[%clk} 3. f3 {[%clk} Qb6 {[%clk} 4. Nc3 {[%clk} dxe4 {[%clk} 5. Nxe4 {[%clk} Nf6 {[%clk} 6. Nxf6+ {[%clk} exf6 {[%clk} 7. c3 {[%clk} Be6 {[%clk} 8. Ne2 Bd6 {[%clk} 9. b3 Qc7 {[%clk} 10. g3 O-O {[%clk} 11. Bg2 Re8 12. O-O Na6 {[%clk} 13. Bf4 Rad8 {[%clk} 14. Qc2 c5 {[%clk} 15. Bxd6 Rxd6 {[%clk} 16. Rad1 Red8 17. Qc1 b5 18. dxc5 Qxc5+ 19. Kh1 g6 20. Rxd6 Qxd6 21. Nd4 Nc7 22. Re1 Bd7 1/2-1/2

[Event "Cesenatico Open 2019"]
[Site "Cesenatico"]
[Date "2019.09.03"]
[Round "3"]
[White "Dobboletta, Alex"]
[Black "Friedrich, Norbert"]
[Result "1/2-1/2"]
[ECO "D30"]
[WhiteElo "2176"]
[BlackElo "2306"]
[Annotator "NA"]
[PlyCount "53"]
[EventDate "2019.08.09"]
[EventType "swiss"]
[EventCountry "ITA"]
[SourceTitle "playchess.com"]
[Source "ChessBase"]
[SourceQuality "1"]
[TimeControl "5400+30"]

1. d4 {[%clk} Nf6 {[%clk} 2. c4 {[%clk} e6 {[%clk} 3. Nf3 {[%clk} d5 {[%clk} 4. e3 {[%clk} c5 5. a3 {[%clk} dxc4 {[%clk} 6. Bxc4 a6 {[%clk} 7. dxc5 {[%clk} Bxc5 {[%clk} 8. Qxd8+ Kxd8 {[%clk} 9. b4 {[%clk} Bd6 {[%clk} 10. Bb2 {[%clk} Ke7 {[%clk} 11. Ke2 {[%clk} b5 {[%clk} 12. Bd3 {[%clk} Bb7 {[%clk} 13. Nbd2 {[%clk} Nbd7 {[%clk} 14. Rhc1 {[%clk} Rac8 {[%clk} 15. Nb3 Bxf3+ 16. gxf3 {[%clk} Ne5 17. Bd4 {[%clk} Nxd3 18. Kxd3 {[%clk} e5 19. Bc5 Rhd8 20. Ke2 Nd7 21. Bxd6+ Kxd6 22. Na5 Ke6 23. Nc6 Re8 24. Na7 Rxc1 25. Rxc1 Nb8 26. Nc6 Kd7 27. Na5 1/2-1/2

[Event "Cesenatico Open 2019"]
[Site "Cesenatico"]
[Date "2019.09.03"]
[Round "3"]
[White "Voltolini, Giuseppe"]
[Black "Stromboli, Carlo"]
[Result "0-1"]
[ECO "E01"]
[WhiteElo "2115"]
[BlackElo "2270"]
[Annotator "ChessBase"]
[PlyCount "98"]
[EventDate "2019.08.09"]
[EventType "swiss"]
[EventCountry "ITA"]
[SourceTitle "playchess.com"]
[Source "ChessBase"]
[SourceQuality "1"]
[TimeControl "5400+30"]

1. d4 {[%clk} Nf6 {[%clk} 2. c4 {[%clk} e6 {[%clk} 3. g3 {[%clk} d5 {[%clk} 4. Nf3 {[%clk} Bb4+ 5. Bd2 {[%clk} Bd6 {[%clk} 6. Qc2 c6 {[%clk} 7. Bg2 {[%clk} Nbd7 {[%clk} 8. c5 {[%clk} Bc7 {[%clk} 9. Bf4 {[%clk} O-O {[%clk} 10. Nbd2 {[%clk} Re8 11. Qc3 e5 12. dxe5 Ne4 13. Nxe4 dxe4 14. Nd4 Bxe5 15. Bxe5 Rxe5 16. Nb3 Qe7 17. Rc1 Nf6 {[%clk} 18. O-O Rh5 19. Rfd1 Be6 20. f3 Re8 21. Nd4 Nd7 22. Nxe6 Qxe6 23. Rd6 Qe7 24. b4 Nf6 {[%clk} 25. Qd4 exf3 26. Bxf3 Re5 27. b5 cxb5 28. Rb1 Ne4 29. Rxb5 Ng5 30. Rb2 Nxf3+ 31. exf3 Re1+ 32. Kg2 Qg5 33. Qf2 Rc1 34. Rc2 Rb1 35. Rcd2 h6 36. Re2 Rc8 37. Rc2 Qe5 38. Rd7 Rb5 39. Qe2 Rcxc5 40. Qd3 Rxc2+ 41. Qxc2 g6 42. Rxb7 Rxb7 43. Qc8+ Kg7 44. Qxb7 Qe2+ 45. Kh3 Qxa2 46. g4 a5 47. Kg3 a4 48. h4 a3 49. h5 Qb2 0-1

[Event "Cesenatico Open 2019"]
[Site "Cesenatico"]
[Date "2019.09.03"]
[Round "3"]
[White "Marzano, Carlo"]
[Black "Loiacono, Leonardo"]
[Result "1/2-1/2"]
[ECO "D56"]
[WhiteElo "2109"]
[BlackElo "2293"]
[Annotator "NA"]
[PlyCount "100"]
[EventDate "2019.08.09"]
[EventType "swiss"]
[EventCountry "ITA"]
[SourceTitle "playchess.com"]
[Source "ChessBase"]
[SourceQuality "1"]
[TimeControl "5400+30"]

1. d4 {[%clk} d5 {[%clk} 2. c4 {[%clk} e6 {[%clk} 3. Nc3 {[%clk} Be7 {[%clk} 4. Nf3 {[%clk} Nf6 {[%clk} 5. Bg5 {[%clk} h6 {[%clk} 6. Bh4 O-O {[%clk} 7. e3 {[%clk} Nbd7 {[%clk} 8. cxd5 Nxd5 {[%clk} 9. Bxe7 {[%clk} Qxe7 10. Rc1 {[%clk} Nxc3 {[%clk} 11. Rxc3 {[%clk} c6 12. a3 {[%clk} e5 {[%clk} 13. dxe5 Nxe5 {[%clk} 14. Nxe5 {[%clk} Qxe5 {[%clk} 15. Bd3 Be6 {[%clk} 16. Qe2 f5 {[%clk} 17. O-O Rad8 {[%clk} 18. Bc4 Bxc4 19. Qxc4+ Kh8 {[%clk} 20. Rc2 {[%clk} Rd5 {[%clk} 21. Qb4 Rf7 {[%clk} 22. Rd2 a5 {[%clk} 23. Rxd5 Qxd5 24. Qc3 Rd7 {[%clk} 25. h3 Kh7 {[%clk} 26. Rc1 Qd2 {[%clk} 27. Qc2 {[%clk} g6 {[%clk} 28. h4 h5 {[%clk} 29. g3 Rd5 {[%clk} 30. Kg2 Kg7 31. Kg1 Kf7 {[%clk} 32. Kg2 {[%clk} Ke7 {[%clk} 33. Kg1 Kd6 34. Kg2 c5 35. a4 Qxc2 36. Rxc2 Rd1 37. Kf3 Ra1 38. b3 Rb1 39. Rc3 Rb2 40. Kf4 Rxf2+ 41. Kg5 b6 42. Kxg6 Rf3 43. Kf6 Kd5 44. Rd3+ Ke4 {[%clk} 45. Rd6 Kxe3 {[%clk} 46. Rxb6 Kd4 47. Rb5 Rxg3 48. Kxf5 Rg4 49. Rxa5 Rxh4 50. Ra8 Kc3 1/2-1/2

[Event "Cesenatico Open 2019"]
[Site "Cesenatico"]
[Date "2019.09.04"]
[Round "4"]
[White "Di Benedetto, Edoardo"]
[Black "Dragojlovic, Andjelko"]
[Result "1/2-1/2"]
[ECO "E60"]
[WhiteElo "2405"]
[BlackElo "2293"]
[Annotator "ChessBase"]
[PlyCount "22"]
[EventDate "2019.09.01"]
[EventType "swiss"]
[EventCountry "ITA"]
[SourceTitle "playchess.com"]
[Source "ChessBase"]
[SourceQuality "1"]
[TimeControl "40/6000:900"]

1. d4 g6 2. c4 Bg7 3. g3 c5 4. Nf3 cxd4 5. Nxd4 Nc6 6. Nb3 d6 7. Bg2 Nf6 8. Nc3 O-O 9. O-O a5 10. Nd4 Nxd4 11. Qxd4 Be6 1/2-1/2

[Event "Cesenatico Open 2019"]
[Site "Cesenatico"]
[Date "2019.09.04"]
[Round "4"]
[White "Loiacono, Leonardo"]
[Black "Dobboletta, Alex"]
[Result "0-1"]
[ECO "E36"]
[WhiteElo "2293"]
[BlackElo "2176"]
[Annotator "NA"]
[PlyCount "76"]
[EventDate "2019.09.01"]
[EventType "swiss"]
[EventCountry "ITA"]
[SourceTitle "playchess.com"]
[Source "ChessBase"]
[SourceQuality "1"]
[TimeControl "40/6000:900"]

1. d4 Nf6 2. c4 e6 3. Nc3 Bb4 4. Qc2 O-O 5. a3 Bxc3+ 6. Qxc3 d5 7. Bg5 c5 8. dxc5 d4 9. Qg3 Nbd7 10. Qd6 e5 11. Bxf6 gxf6 12. e3 Re8 13. O-O-O Re6 14. Qd5 dxe3 15. fxe3 Qf8 16. Nh3 Nxc5 17. Qd8 Rc6 18. Qxf8+ Kxf8 19. Rd8+ Ke7 20. Rd1 Ne4 21. Rg1 Be6 22. Kb1 Bxc4 23. Bxc4 Rxc4 24. Rgf1 Rg8 25. g3 h5 26. Nf2 Nxf2 27. Rxf2 h4 28. gxh4 Rh8 29. Rg1 Rhxh4 30. Rg8 Rc7 31. Rb8 Ke6 32. Re8+ Re7 33. Rd8 f5 34. Rfd2 f4 35. e4 f5 36. R2d6+ Kf7 37. exf5 f3 38. f6 Rc7 0-1

[Event "Cesenatico Open 2019"]
[Site "Cesenatico"]
[Date "2019.09.04"]
[Round "4"]
[White "Mrdja, Milan"]
[Black "Marzano, Carlo"]
[Result "1/2-1/2"]
[ECO "C78"]
[WhiteElo "2279"]
[BlackElo "2109"]
[Annotator "NA"]
[PlyCount "33"]
[EventDate "2019.09.01"]
[EventType "swiss"]
[EventCountry "ITA"]
[SourceTitle "playchess.com"]
[Source "ChessBase"]
[SourceQuality "1"]
[TimeControl "40/6000:900"]

1. e4 e5 2. Nf3 Nc6 3. Bb5 a6 4. Ba4 Nf6 5. O-O b5 6. Bb3 Bb7 7. Re1 Bc5 8. c3 d6 9. d4 Bb6 10. a4 h6 11. Na3 O-O 12. Be3 exd4 13. cxd4 Na5 14. d5 Bxe3 15. Rxe3 Nxb3 16. Qxb3 c6 17. dxc6 1/2-1/2

[Event "Cesenatico Open 2019"]
[Site "Cesenatico"]
[Date "2019.09.04"]
[Round "4"]
[White "Damia, Angelo"]
[Black "Miotto, Alberto"]
[Result "1-0"]
[ECO "A00"]
[WhiteElo "2240"]
[BlackElo "1950"]
[Annotator "NA"]
[PlyCount "93"]
[EventDate "2019.09.01"]
[EventType "swiss"]
[EventCountry "ITA"]
[SourceTitle "playchess.com"]
[Source "ChessBase"]
[SourceQuality "1"]
[TimeControl "40/6000:900"]

1. c3 d5 2. Qc2 c5 3. d3 Nc6 4. Nf3 e6 5. e4 Bd6 6. Bg5 Nge7 7. Bh4 d4 8. Nbd2 e5 9. Be2 h6 10. Nc4 Bc7 11. Bg3 Ng6 12. h4 Qf6 13. a4 Nf4 14. Bxf4 Qxf4 15. a5 O-O 16. Qb3 Rb8 17. Qb5 Bd7 18. Qxc5 b5 19. axb6 axb6 20. Qd5 Rfd8 21. Ncd2 b5 22. cxd4 Be8 23. g3 Qf6 24. Qb3 Nxd4 25. Nxd4 Rxd4 26. Qc3 Bd6 27. O-O Bb4 28. Qc7 Bd6 29. Qc3 Bb4 30. Qc7 Bd6 31. Qc2 Bd7 32. Rfc1 Rc8 33. Qd1 Rd8 34. Ra6 Qe7 35. Nf3 Rb4 36. Qc2 Rc8 37. Qxc8+ Bxc8 38. Rxc8+ Kh7 39. Raa8 Kg6 40. h5+ Kf6 41. Rc6 Ra4 42. Rxa4 bxa4 43. d4 Ke6 44. dxe5 Qb7 45. Rxd6+ Ke7 46. Nd4 f6 47. Nc6+ 1-0

[Event "Cesenatico Open 2019"]
[Site "Cesenatico"]
[Date "2019.09.04"]
[Round "4"]
[White "Di Trapani, Davide"]
[Black "Carbone, Stefano"]
[Result "1/2-1/2"]
[ECO "B12"]
[WhiteElo "2181"]
[BlackElo "2138"]
[Annotator "NA"]
[PlyCount "127"]
[EventDate "2019.09.01"]
[EventType "swiss"]
[EventCountry "ITA"]
[SourceTitle "playchess.com"]
[Source "ChessBase"]
[SourceQuality "1"]
[TimeControl "40/6000:900"]

1. e4 c6 2. d4 d5 3. e5 Bf5 4. h4 Qb6 5. g4 Bd7 6. Nc3 h5 7. gxh5 e6 8. Na4 Qa5+ 9. c3 c5 10. Nxc5 Bxc5 11. dxc5 Qxc5 12. Qg4 Qf8 13. Nf3 Nh6 14. Bxh6 Rxh6 15. Rg1 Nc6 16. O-O-O O-O-O 17. Qxg7 Rxh5 18. Qxf8 Rxf8 19. Rg5 Rh6 20. Be2 Be8 21. Rh1 f6 22. exf6 Rhxf6 23. h5 Rh6 24. Rh2 Rfh8 25. Nd4 Nxd4 26. cxd4 Kc7 27. Kd2 Kd6 28. Ke3 Ke7 29. Rh1 Kf6 30. f4 Bf7 31. Bg4 Rc8 32. Rxd5 Rg8 33. Rg5 Rxg5 34. fxg5+ Kxg5 35. Bf3 b6 36. Ke4 Rf6 37. Rg1+ Kh6 38. Rg3 Rf5 39. a3 Bxh5 40. Bxh5 Rxh5 41. Rg8 Rb5 42. b4 a5 43. Kd3 axb4 44. Kc4 Rd5 45. axb4 b5+ 46. Kc3 Kh7 47. Rg2 e5 48. dxe5 Rxe5 49. Kd4 Rh5 50. Re2 Kg7 51. Re5 Rh4+ 52. Kc5 Kf6 53. Re2 Rh5+ 54. Kc6 Kf7 55. Rc2 Ke7 56. Rc5 Rh8 57. Kc7 Rh4 58. Re5+ Kf6 59. Rxb5 Ke6 60. Kb6 Kd6 61. Ka5 Kc7 62. Rc5+ Kb7 63. Rb5+ Kc7 64. Rc5+ 1/2-1/2